 Dungeon Crawl Stone Soup version 0.29.0-7-g18a832c13a (webtiles) character file.

Game seed: 3900015833918529718

987 mtoz the Chopper (level 7, -2/93 HPs)
             Began as a Minotaur Berserker on Aug 30, 2022.
             Was a Priest of Trog.
             Slain by Duvessa
             ... wielding a +0 short sword
              (9 damage)
             ... on level 5 of the Dungeon.
             The game lasted 00:11:45 (4658 turns).

mtoz the Chopper (Minotaur Berserker)               Turns: 4658, Time: 00:11:46

Health: -2/93      AC: 13    Str: 24    XL:     7   Next: 97%
Magic:  0/6        EV:  8    Int:  4    God:    Trog [***...]
Gold:   318        SH:  0    Dex:  9    Spells: 6/6 levels left

rFire   . . .      SeeInvis .   a - +0 hand axe
rCold   . . .      Faith    .   (no shield)
rNeg    . . .      Spirit   +   i - +0 plate armour
rPois   .          Reflect  .   (helmet restricted)
rElec   .          Harm     .   (no cloak)
rCorr   +          Rampage  .   (no gloves)
Will    ++...                   c - +0 pair of boots
Stlth   ..........              g - amulet of guardian spirit
HPRegen 1.25/turn               b - ring of resist corrosion
MPRegen 0.10/turn               (no ring)

@: berserking, strong-willed (expiring), regenerating (expiring), very quick
A: horns 2, retaliatory headbutt
a: Renounce Religion, Berserk, Trog's Hand


You were on level 5 of the Dungeon.
You worshipped Trog.
Trog was most pleased with you.
You visited 1 branch of the dungeon, and saw 5 of its levels.
You also visited: Ossuary.

You collected 318 gold pieces.

Inventory:

Hand Weapons
 a - a +0 hand axe (weapon)
 d - a +0 flail
 t - a +0 mace
Missiles
 D - a throwing net (quivered)
Armour
 c - a +0 pair of boots (worn)
 i - a +0 plate armour (worn)
Jewellery
 b - a ring of resist corrosion (left hand)
 g - an amulet of guardian spirit (around neck)
 w - a ring of poison resistance
Wands
 p - a wand of digging (3)
Scrolls
 e - a scroll of enchant armour
 h - 3 scrolls of vulnerability
 j - 2 scrolls of identify
 l - a scroll of magic mapping
 m - 3 scrolls of noise
 n - 2 scrolls of amnesia
 o - 2 scrolls of teleportation {unknown}
 q - a scroll of immolation {unknown}
 y - a scroll of fear {unknown}
 C - a scroll of summoning {unknown}
Potions
 f - 3 potions of haste
 k - 4 potions of heal wounds
 r - 2 potions of mutation {unknown}
 s - a potion of cancellation {unknown}
 u - 2 potions of magic {unknown}
 v - a potion of resistance {unknown}
 x - 2 potions of might
 z - 2 potions of invisibility
 A - 2 potions of curing {unknown}
 B - a potion of attraction {unknown}


   Skills:
 + Level 5.8 Fighting
 * Level 7.3 Axes
 + Level 5.1 Armour
 + Level 4.6 Dodging
 + Level 2.8 Evocations


You had 6 spell levels left.
You didn't know any spells.
Your spell library was empty.

Dungeon Overview and Level Annotations

Branches:
Dungeon (5/15)            Ossuary (visited)
 Temple: D:4-7

Altars:

Annotations:
D:5 Duvessa


Innate Abilities, Weirdness & Mutations

You have a pair of horns on your head.
You reflexively headbutt those who attack you in melee.


Message History

Trog accepts your kill.
Trog appreciates your killing of a magic user.
Duvessa weeps, and shakes her weapon.
Duvessa goes berserk!
You hit Duvessa. Duvessa hits you but does no damage.
You hit Duvessa but do no damage. Your headbutt misses Duvessa.
Duvessa is moderately wounded.
Duvessa hits you with a +0 short sword! x2
You closely miss Duvessa.
Duvessa is lightly wounded.
Duvessa hits you with a +0 short sword!
A red film seems to cover your vision as you go berserk!
You feel yourself moving faster!
You feel mighty! Duvessa hits you with a +0 short sword!
* * * LOW HITPOINT WARNING * * *
You hit Duvessa. You headbutt Duvessa!
Duvessa is heavily wounded.
Duvessa hits you with a +0 short sword!
* * * LOW HITPOINT WARNING * * *
You hit Duvessa. You headbutt Duvessa.
Duvessa is severely wounded.
Duvessa hits you but does no damage.
You closely miss Duvessa. Your headbutt misses Duvessa.
Duvessa is severely wounded.
You feel the effects of Trog's Hand fading.
Duvessa barely misses you.
You hit Duvessa. Your headbutt misses Duvessa.
Duvessa is severely wounded.
Duvessa barely misses you.
You closely miss Duvessa. Your headbutt misses Duvessa.
Duvessa is severely wounded.
Duvessa hits you with a +0 short sword!
* * * LOW HITPOINT WARNING * * *
You barely miss Duvessa.
Duvessa is severely wounded.
Duvessa barely misses you. You furiously retaliate!
You headbutt Duvessa, but do no damage. You slash Duvessa!
Duvessa is almost dead.
Duvessa hits you with a +0 short sword!
You die...

.######### # ..#.'.#.#.#
# ..###'#'#'#
..#.'...'.########
######.###...###.......
#....#.#.'...'.#.......
###....#.#'#'#'#.#.......
.......e.#.#.#.#.#.......
.......#@#######'#.......
.......#.)...............
.......#.................
######+#.................
.........##'#########
..........#....#......
...........#....'......
...........#....#......
...........#....#......


You could see Duvessa (berserk).

Vanquished Creatures
  An ogre (D:5)
  2 phantoms
  3 elf zombies (D:5)
  2 elf skeletons (D:5)
  Dowan (D:5)
  An orc priest (D:4)
  2 hounds (D:5)
  A human zombie (D:5)
  2 human skeletons (D:5)
  An iguana (D:5)
  3 mummies (Ossuary)
  3 adders (D:5)
  3 gnolls (D:5)
  2 ufetubi (D:5)
  5 adder zombies (Ossuary)
  2 dart slugs
  5 orcs
  4 endoplasms
  3 giant cockroaches
  2 goblins
  2 hobgoblins
  2 jackals (D:2)
  9 kobolds
  2 quokkas
  7 ball pythons
  3 bats
  A goblin zombie (Ossuary)
  5 hobgoblin zombies (Ossuary)
  2 kobold zombies (Ossuary)
  2 orc skeletons (D:5)
  An orc zombie (D:5)
  4 quokka zombies (Ossuary)
  6 rats
  A rat zombie (Ossuary)
95 creatures vanquished.

Notes
Turn   | Place    | Note
-------+----------+-------------------------------------------
     0 | D:1      | mtoz the Minotaur Berserker began the quest for the Orb.
     0 | D:1      | Reached XP level 1. HP: 19/19 MP: 0/0
   151 | D:1      | Found a faded altar of an unknown god.
   504 | D:1      | Reached XP level 2. HP: 24/27 MP: 1/1
  1107 | D:2      | Reached skill level 4 in Axes
  1439 | D:2      | Reached XP level 3. HP: 33/33 MP: 2/2
  1849 | D:3      | Reached ** piety under Trog
  2919 | D:4      | Noticed a phantom
  2929 | D:4      | Killed a phantom
  2930 | D:4      | Reached XP level 4. HP: 41/41 MP: 3/3
  2931 | D:4      | Reached skill level 1 in Evocations
  2931 | D:4      | Reached XP level 5. HP: 47/47 MP: 4/4
  2932 | D:4      | Reached skill level 5 in Axes
  3465 | D:5      | Entered Level 5 of the Dungeon
  3683 | D:5      | Noticed an ogre
  3688 | D:5      | Killed an ogre
  3689 | D:5      | Reached XP level 6. HP: 55/55 MP: 5/5
  3831 | D:5      | Reached skill level 5 in Fighting
  3831 | D:5      | Reached skill level 6 in Axes
  3853 | D:5      | Found a sand-covered staircase.
  3858 | Ossuary  | Entered an ossuary
  3866 | Ossuary  | Reached XP level 7. HP: 43/61 MP: 3/6
  4372 | D:5      | Reached skill level 7 in Axes
  4477 | D:5      | Reached skill level 5 in Armour
  4526 | D:5      | Reached *** piety under Trog
  4637 | D:5      | Noticed Dowan
  4638 | D:5      | Noticed Duvessa
  4648 | D:5      | Killed Dowan
  4658 | D:5      | Slain by Duvessa

Illustrated notes

Levels and vault maps discovered:
D:1:      minmay_arrival_solitary_statue, layout_basic,
          dreamdust_ecumenical_altar_angels_and_demons
D:2:      layout_loops_cross
D:3:      layout_basic
D:4:      layout_basic
D:5:      layout_gridville, serial_shops, shop, nicolae_ossuary_entry_catacombs,
          uniq_duvessa

Skill      XL: |  1  2  3  4  5  6  7 |
---------------+----------------------+-----
Axes           | 4 5 6 7 |  7.3
Fighting       | 4 5 |  5.8
Armour         | 3 4 5 |  5.1
Dodging        | 3 4 |  4.6
Evocations     | 1 2 |  2.8

Action                   |  1- 3 |  4- 6 |  7- 9 || total
-------------------------+-------+-------+-------++-------
Melee: Hand axe          |   117 |    72 |   142 ||   331
       Headbutt          |     9 |    17 |    27 ||    53
       Punch             |       |     1 |     1 ||     2
Invok: Trog's Hand       |     1 |     2 |     1 ||     4
       Berserk           |     1 |     1 |     1 ||     3
  Use: Scroll            |     5 |       |     3 ||     8
       Potion            |     3 |       |     1 ||     4
Armor: Plate armour      |    70 |    46 |    77 ||   193
       Animal skin       |     1 |       |       ||     1
Dodge: Dodged            |    44 |    21 |    34 ||    99
